 Dungeon Crawl Stone Soup version 0.27-a0-1149-g4505690ab0 (webtiles) character file.

Game seed: 11966072801612697661

12414 benadryl the Grappler (level 11, -2/110 HPs)
             Began as a Troll Hunter on May 12, 2021.
             Was a Follower of Uskayaw.
             Slain by an eight-headed hydra (8 damage)
             ... on level 11 of the Dungeon.
             The game lasted 00:19:53 (10472 turns).

benadryl the Grappler (Troll Hunter)               Turns: 10472, Time: 00:19:54

Health: -2/110     AC: 14    Str: 25    XL:     11   Next: 62%
Magic:  10/10      EV:  5    Int:  7    God:    Uskayaw [*.....]
Gold:   509        SH: 20    Dex: 16    Spells: 10/10 levels left

rFire    + + .     SeeInvis .     - Unarmed
rCold    + . .     Faith    .   D - +0 tower shield
rNeg     . . .     Spirit   .   g - +0 swamp dragon scales
rPois    +         Reflect  +   G - +2 hat
rElec    .         Harm     .   F - +2 cloak
rCorr    +         Rampage  .   (gloves unavailable)
Will     .....                  (boots unavailable)
Stlth    +.........             s - amulet of reflection
HPRegen  1.28/turn              y - ring "Vouth" {rF++ rC+ rCorr}
MPRegen  0.12/turn              h - +6 ring of dexterity

@: no status effects
A: large, unfitting armour, claws 3, regeneration 1, shaggy fur 1, tough skin 1
a: Renounce Religion, Stomp


You were on level 11 of the Dungeon.
You worshipped Uskayaw.
Uskayaw was noncommittal.
You visited 1 branch of the dungeon, and saw 11 of its levels.

You collected 509 gold pieces.

Inventory:

Hand Weapons
 a - a +5 spectral giant spiked club
Missiles
 c - 5 large rocks (quivered)
 n - 10 javelins
 r - 2 curare-tipped darts
Armour
 g - +0 swamp dragon scales (worn)
 D - a +0 tower shield (worn)
 F - a +2 cloak (worn)
 G - a +2 hat (worn)
Jewellery
 h - a +6 ring of dexterity (right claw)
 s - an amulet of reflection (around neck)
 y - the ring "Vouth" (left claw) {rF++ rC+ rCorr}
   (You acquired it on level 6 of the Dungeon)

   [ring of resist corrosion]

   It greatly protects you from fire.
   It protects you from cold.
   It protects you from acid and corrosion.
Wands
 p - a wand of flame (16)
 q - a wand of iceblast (10)
 E - a wand of polymorph (7)
Scrolls
 b - a scroll of teleportation
 i - a scroll of enchant armour
 A - 2 scrolls of brand weapon
Potions
 e - 2 potions of brilliance
 f - a potion of berserk rage
 j - 5 potions of curing {@q1}
 k - 3 potions of lignification
 l - 3 potions of invisibility
 o - a potion of heal wounds
 u - 3 potions of resistance
 v - 4 potions of mutation
 w - a potion of cancellation
 x - 4 potions of attraction
 z - a potion of haste
 B - a potion of degeneration
 C - 2 potions of ambrosia


   Skills:
 + Level 7.7 Fighting
 + Level 9.1 Throwing
 - Level 1.5 Dodging
 - Level 0.3 Stealth
 + Level 4.2 Shields
 * Level 12.4 Unarmed Combat
 + Level 1.2 Invocations


You had 10 spell levels left.
You didn't know any spells.
Your spell library contained the following spells:

 Spells                   Type           Power      Damage    Failure   Level
 Corona                   Hex            0%         N/A       100%        1
 Magic Dart               Conj           0%         1d3       100%        1
 Blink                    Tloc           N/A        N/A       100%        2
 Call Imp                 Summ           0%         N/A       100%        2
 Searing Ray              Conj           0%         3d3       100%        2
 Slow                     Hex            0%         N/A       100%        2
 Conjure Flame            Conj/Fire      0%         6-21      100%        3
 Dazzling Flash           Conj/Hex       0%         N/A       100%        3
 Inner Flame              Hex/Fire       0%         N/A       100%        3
 Mephitic Cloud           Conj/Pois/Air  0%         N/A       100%        3
 Portal Projectile        Hex/Tloc       0%         N/A       100%        3
 Cause Fear               Hex            0%         N/A       100%        4
 Fulminant Prism          Conj/Hex       0%         3d6       100%        4
 Iskenderun's Mystic Bla  Conj/Tloc      0%         2d3       100%        4
 Leda's Liquefaction      Hex/Erth       0%         N/A       100%        4


Dungeon Overview and Level Annotations

Branches:
Dungeon (11/15)            Temple (0/1) D:7            Lair (0/6) D:11
    Orc: D:9-12

Altars:
Dithmenos
Gozag
Makhleb
Nemelex Xobeh
Ru
Trog
Uskayaw
Wu Jian
Xom
Yredelemnul
The Shining One
Beogh

Shops:
D:6 (   D:11 =([:

Annotations:
D:5 3 runed translucent doors, freelancePsychic's ghost, weakling KoDe


Innate Abilities, Weirdness & Mutations

You are too large for most types of armour.
You have claws for hands.
Your natural rate of healing is unusually fast.
You are covered in fur. (AC +1)
You have tough skin. (AC +1)


Message History

The throwing net hits the eight-headed hydra.
The eight-headed hydra is caught in the net!
The eight-headed hydra is moderately wounded.
Something hits you but does no damage.
The eight-headed hydra struggles against the net.
You miss something. Something hits you but does no damage.
The eight-headed hydra struggles against the net.
Something hits you but does no damage.
The eight-headed hydra struggles against the net.
Something hits you but does no damage.
The eight-headed hydra struggles against the net.
Something hits you.
* * * LOW HITPOINT WARNING * * *
You block something's attack.
The eight-headed hydra struggles against the net.
The net rips apart, and the eight-headed hydra comes free!
Throw: 7 large rocks
Press: ? - help, Q - select action, (/) - cycle Shift-Dir - straight line, f/p - eight-headed hydra
Aim: an eight-headed hydra (moderately wounded, 82% to hit)
You throw a large rock.
The large rock hits the eight-headed hydra!!
The eight-headed hydra is heavily wounded.
You block something's attack. Something hits you.
* * * LOW HITPOINT WARNING * * *
Something hits you but does no damage.
Throw: 6 large rocks
Press: ? - help, Q - select action, (/) - cycle Shift-Dir - straight line, f/p - eight-headed hydra
Aim: an eight-headed hydra (heavily wounded, 82% to hit)
You throw a large rock.
The large rock hits the eight-headed hydra!!
The eight-headed hydra is almost dead.
You block something's attack. Something hits you but does no damage.
The eight-headed hydra bites you!
* * * LOW HITPOINT WARNING * * *
The eight-headed hydra bites you.
* * * LOW HITPOINT WARNING * * *
You block the eight-headed hydra's attack. x2
The eight-headed hydra bites you but does no damage.
The eight-headed hydra bites you!
You die...

###....## #.[.♣.♣.♣. .
##...# #....).... .. ##..##
##....†.## ... ###...##
##.....## .... #......##
#.....P.. .....##
#.......####.......P
#...####........##.P..PP.P.
#...##........P....P.P...
###((.(D@.....÷...P......
##.............P..P..P.
###........P..........
#)..........P...P..>.
##.)......P..........P
#÷)........P.....P.P..
##)#........)..P.......
#.÷##........P..PP.....
###.####...........PP....


You could see an eight-headed hydra.

Vanquished Creatures
  Gastronok (D:9)
  Erolcha (D:9)
  A two-headed ogre (D:9)
  Urug (D:10)
  A cyclops (D:9)
  Joseph (D:10)
  Maurice (D:8)
  Maggie (D:9)
  An unseen horror (D:11)
  A kobold demonologist (D:9)
  A troll (D:10)
  A hornet (D:8)
  Grinder (D:4)
  Prince Ribbit (D:8)
  A meliai zombie (D:11)
  A wraith (D:10)
  2 wyverns
  A water elemental (D:11)
  4 yaks (D:11)
  A vampire (D:10)
  A steam dragon (D:9)
  A vampire mosquito (D:8)
  5 water moccasins
  3 black bears
  A sky beast (D:6)
  An ice beast (D:5)
  3 orc warriors
  6 ogres
  A hornet zombie (D:7)
  A necrophage (D:8)
  2 centaurs
  3 kobold brigands
  8 bullfrogs
  A gnoll sergeant (D:11)
  3 scorpions
  5 wights (D:8)
  A jelly (D:4)
  A howler monkey (D:3)
  2 electric eels (D:11)
  2 centaur zombies
  4 orc priests
  A bullfrog zombie (D:5)
  A bullfrog skeleton (D:6)
  2 hounds
  2 centaur skeletons
  3 iguanas
  Ijyb (D:4)
  9 orc wizards
  8 adders
  A white imp (D:7)
  An ufetubus (D:5)
  A worm (D:3)
  A dart slug (D:2)
  26 orcs
  5 ball pythons
  7 bats
  8 endoplasms
  2 giant cockroaches
  3 goblins
  8 hobgoblins
  7 jackals
  21 kobolds
  2 quokkas
  3 frilled lizards
  12 rats
214 creatures vanquished.

Vanquished Creatures (others)
  26 fungi (D:11)
  43 plants
69 creatures vanquished.

Grand Total: 283 creatures vanquished

Notes
Turn   | Place    | Note
-------+----------+-------------------------------------------
     0 | D:1      | benadryl the Troll Hunter began the quest for the Orb.
     0 | D:1      | Reached XP level 1. HP: 19/19 MP: 0/0
    58 | D:1      | Found a faded altar of an unknown god.
   102 | D:1      | Reached skill level 1 in Unarmed Combat
   119 | D:1      | Reached XP level 2. HP: 28/28 MP: 1/1
  1059 | D:2      | Reached XP level 3. HP: 31/35 MP: 2/2
  1119 | D:2      | Reached skill level 2 in Unarmed Combat
  1562 | D:2      | Reached XP level 4. HP: 42/42 MP: 3/3
  1801 | D:3      | Reached skill level 3 in Unarmed Combat
  2073 | D:3      | Reached XP level 5. HP: 50/50 MP: 4/4
  2579 | D:4      | Noticed Grinder
  2600 | D:4      | Killed Grinder
  2601 | D:4      | Reached skill level 4 in Unarmed Combat
  2601 | D:4      | Reached XP level 6. HP: 48/61 MP: 5/5
  2741 | D:4      | Noticed Ijyb
  2761 | D:4      | Reached skill level 5 in Unarmed Combat
  2771 | D:4      | Killed Ijyb
  2772 | D:4      | Reached XP level 7. HP: 57/67 MP: 6/6
  2823 | D:4      | Found a sacrificial altar of Ru.
  2826 | D:4      | Found a shimmering altar of Xom.
  2838 | D:4      | Found an ornate altar of the Wu Jian Council.
  2846 | D:4      | Reached skill level 5 in Throwing
  2870 | D:4      | Found a hide-covered altar of Uskayaw.
  2989 | D:4      | Found a burning altar of Makhleb.
  3243 | D:5      | Entered Level 5 of the Dungeon
  3348 | D:5      | Reached skill level 6 in Unarmed Combat
  3520 | D:5      | Found a runed translucent gate.
  3520 | D:5      | Found a runed translucent gate.
  3521 | D:5      | Found a runed translucent gate.
  3526 | D:5      | Noticed freelancePsychic's ghost (weakling KoDe)
  3579 | D:5      | Reached XP level 8. HP: 61/78 MP: 7/7
  3608 | D:5      | Reached skill level 7 in Unarmed Combat
  4296 | D:6      | Found Weli's Antique Weapon Shop.
  4574 | D:6      | Found a bloodstained altar of Trog.
  4581 | D:6      | Reached skill level 8 in Unarmed Combat
  4590 | D:6      | Reached skill level 5 in Fighting
  4614 | D:6      | Reached XP level 9. HP: 53/88 MP: 2/8
  4798 | D:4      | Became a worshipper of Uskayaw the Reveller
  5053 | D:6      | Reached * piety under Uskayaw
  5193 | D:6      | Reached ** piety under Uskayaw
  5429 | D:6      | Identified a scroll of acquirement
  5429 | D:6      | Acquired the ring "Vouth" {rF++ rC+ rCorr}
  5612 | D:7      | Reached *** piety under Uskayaw
  5615 | D:7      | Reached **** piety under Uskayaw
  5638 | D:7      | Found a staircase to the Ecumenical Temple.
  5792 | D:7      | Found an opulent altar of Gozag.
  5852 | D:7      | Found a sparkling altar of Nemelex Xobeh.
  5988 | D:7      | Reached skill level 9 in Unarmed Combat
  6441 | D:8      | Found a shadowy altar of Dithmenos.
  6452 | D:8      | Noticed Prince Ribbit
  6457 | D:8      | Killed Prince Ribbit
  6561 | D:8      | Noticed Maurice
  6570 | D:8      | Killed Maurice
  6590 | D:8      | Acquired a +5 spectral giant spiked club
  6802 | D:8      | Found a glowing golden altar of the Shining One.
  6847 | D:8      | Reached skill level 10 in Unarmed Combat
  6857 | D:8      | Reached XP level 10. HP: 74/98 MP: 9/9
  7490 | D:9      | Noticed Erolcha
  7612 | D:9      | Killed Erolcha
  7613 | D:9      | Reached skill level 1 in Shields
  7622 | D:9      | Noticed a cyclops
  7629 | D:9      | Killed a cyclops
  8123 | D:9      | Noticed a two-headed ogre
  8136 | D:9      | Killed a two-headed ogre
  8137 | D:9      | Reached skill level 11 in Unarmed Combat
  8286 | D:9      | Noticed Gastronok
  8299 | D:9      | Killed Gastronok
  8415 | D:9      | Noticed Maggie
  8417 | D:9      | Killed Maggie
  8418 | D:9      | Reached XP level 11. HP: 106/109 MP: 10/10
  8826 | D:10     | Entered Level 10 of the Dungeon
  8887 | D:10     | Noticed Urug
  8895 | D:10     | Killed Urug
  9059 | D:10     | Noticed Joseph
  9066 | D:10     | Killed Joseph
  9195 | D:10     | Reached skill level 12 in Unarmed Combat
  9303 | D:10     | Found a basalt altar of Yredelemnul.
  9847 | D:11     | Noticed a six-headed hydra
 10075 | D:11     | Reached ***** piety under Uskayaw
 10204 | D:11     | Found Onkiloor's Jewellery Shop.
 10208 | D:11     | Found Sooku's Weapon Shop.
 10208 | D:11     | Found Gyas's Book Shop.
 10214 | D:11     | Found Buotwuf's Armour Shop.
 10248 | D:11     | Found a staircase to the Lair.
 10277 | D:11     | Reached skill level 1 in Invocations
 10472 | D:11     | Slain by an eight-headed hydra

Illustrated notes

Levels and vault maps discovered:
D:1:      minmay_arrival_jagged, layout_basic,
          ebering_ecumenical_altar_petrified
D:2:      cheibrodos_old_hovel, layout_loops_ring
D:3:      layout_loops_cross, grunt_decor_cap, minmay_misc_feat_hallway,
          kennysheep_boxes
D:4:      layout_rooms, kennysheep_little_box, grunt_temple_overflow_cloverleaf,
          uniq_grinder, uniq_ijyb
D:5:      layout_loops_cross, biasface_ghost_orc_armoury
D:6:      layout_loops_ring, trog_antimagical, serial_shops,
          nicolae_shop_statue_plus, eino_tiny_chamber, fountainhead,
          kennysheep_small_circle
D:7:      layout_loops_ring, lemuel_round_altar, grunt_gozag_breadcrumbs,
          minmay_temple_entry_slanted, columned_hall_lemuel, bh_walls_and_bars
D:8:      layout_basic, lemuel_crystal_altar, grunt_dithmenos_smoke,
          minmay_microvault, uniq_prince_ribbit1, uniq_maurice
D:9:      layout_irregular_city, uniq_erolcha, uniq_maggie, uniq_gastronok
D:10:     layout_loops_cross, yredelemnul_altar_generic, serial_glass,
          glass_columns_c, glass_columns_b, hangedman_decor_opposing,
          minmay_misc_feat_pillars, minivault_24, uniq_urug, uniq_joseph
D:11:     layout_cave_pods, due_lair_maze_entry_diamond, erik_orc_2,
          serial_shops, nicolae_shop_behind_doors, minmay_shop_grid_forest,
          minivault_14

Skill      XL: |  1  2  3  4  5  6  7  8  9 10 11 |
---------------+----------------------------------+-----
Unarmed Combat | 1 2 3 4 5 6 8 10 11 12 | 12.4
Fighting       | 2 3 4 5 6 7 |  7.7
Throwing       | 4 5 6 7 8 9 |  9.1
Shields        | 3 4 |  4.2
Invocations    | 1 |  1.2
Dodging        | |  1.5
Stealth        | |  0.3

Action                   |  1- 3 |  4- 6 |  7- 9 | 10-12 || total
-------------------------+-------+-------+-------+-------++-------
Melee: Unarmed           |   129 |    99 |   236 |   196 ||   660
       Punch             |     1 |       |    10 |       ||    11
       Giant spiked club |       |       |     8 |     1 ||     9
Throw: Throwing net      |       |       |     1 |     1 ||     2
       Dart              |       |       |     1 |     1 ||     2
       Large rock        |       |       |       |    19 ||    19
Invok: Stomp             |       |       |       |     1 ||     1
Evoke: Wand              |       |       |     1 |       ||     1
  Use: Scroll            |       |     4 |    14 |     9 ||    27
 Stab: Sleeping          |     2 |     1 |     1 |     1 ||     5
       Distracted        |       |       |     1 |       ||     1
       Held in net/web   |       |       |     3 |       ||     3
       Paralysed         |       |       |     2 |     8 ||    10
Armor: Robe              |    52 |    30 |    66 |     9 ||   157
       Swamp dragon scal |       |       |       |    74 ||    74
Dodge: Dodged            |    67 |    45 |    88 |    36 ||   236
Block: Other             |       |       |    12 |       ||    12
       Kite shield       |       |       |       |    66 ||    66
       Reflection        |       |       |       |     5 ||     5
       Tower shield      |       |       |       |   122 ||   122

Table legend: (Time is in decaauts)
 A = Elapsed time spent in this place.
 B = Non-inter-level travel time spent in this place.
 C = Inter-level travel time spent in this place.
 D = Time resting spent in this place.
 E = Time spent auto-exploring this place.
 F = Levels seen in this place.
 G = Mean time per level.
                   A        B        C        D        E       F      G
               +--------+--------+--------+--------+--------+-----+--------+
         Total |  10506 |   9754 |    752 |   1749 |   6223 |  11 |  955.1 |
       Dungeon |  10506 |   9754 |    752 |   1749 |   6223 |  11 |  955.1 |
               +--------+--------+--------+--------+--------+-----+--------+

Top non-repeatable levels by time:
     D:9: 1381 daAuts
     D:8: 1322 daAuts
     D:6: 1151 daAuts
     D:1: 1037 daAuts
     D:5: 1016 daAuts
     D:4: 966 daAuts
    D:10: 963 daAuts
     D:7: 840 daAuts
     D:3: 722 daAuts
     D:2: 581 daAuts
    D:11: 524 daAuts
